 Dungeon Crawl Stone Soup version 0.19-a0-1883-gc9e4fd8 (webtiles) character file.

210 roflturtle the Insei (level 5, -18/41 HPs)
             Began as a Demigod Transmuter on Oct 15, 2016.
             Demolished by an ogre
             ... wielding a +0 giant club
              (28 damage)
             ... on level 3 of the Dungeon.
             The game lasted 00:10:56 (3252 turns).

roflturtle the Insei (Demigod Transmuter)           Turns: 3252, Time: 00:10:57

Health: -18/41     AC:  2    Str: 13    XL:     5   Next: 31%
Magic:  3/10       EV: 20    Int: 19    God:
Gold:   123        SH:  0    Dex: 21    Spells: 3 memorised, 2 levels left

rFire  . . .     SeeInvis .       - Unarmed
rCold  . . .     Gourm    .     (armour currently unavailable)
rNeg   . . .     Faith    .     (shield currently unavailable)
rPois  x         Spirit   .     (helmet currently unavailable)
rElec  .         Dismiss  .     (cloak currently unavailable)
rCorr  .         Reflect  .     (gloves currently unavailable)
MR     .....     Harm     .     (boots currently unavailable)
Stlth  ++........               (no amulet)
                                (no ring)
                                (no ring)

@: spider-form (expiring), very slightly contaminated
A: high mp 1
a: End Transformation


You were on level 3 of the Dungeon.
You were hungry.
You were a venomous arachnid creature.
You visited 1 branch of the dungeon, and saw 4 of its levels.

You collected 123 gold pieces.

Inventory:

Hand Weapons
 s - a cursed -1 short sword
 w - a cursed -3 mace
Missiles
 a - 112 arrows
 n - 15 tomahawks (quivered)
Armour
 b - a +0 robe (melded)
Jewellery
 j - an uncursed ring of magical power {unknown}
 q - an uncursed ring of positive energy {unknown}
Scrolls
 e - 2 scrolls of remove curse {unknown}
 g - 5 scrolls of identify {unknown}
 h - 4 scrolls of teleportation {unknown}
 k - 2 scrolls of enchant weapon {unknown}
 m - a scroll of fog {unknown}
 p - 2 scrolls of amnesia {unknown}
 u - a scroll of magic mapping {unknown}
 y - a scroll of fear {unknown}
Potions
 i - a potion of magic {unknown}
 o - a potion of lignification {unknown}
 r - a potion of degeneration {unknown}
Books
 c - a book of Changes

   Spells                             Type                      Level
   a - Beastly Appendage              Transmutation                1
   b - Sticks to Snakes               Transmutation                2
   c - Spider Form                    Transmutation/Poison         3
   d - Ice Form                       Ice/Transmutation            4
   e - Blade Hands                    Transmutation                5
 v - a book of Minor Magic

   Spells                             Type                      Level
   a - Magic Dart                     Conjuration                  1
   b - Blink                          Translocation                2
   c - Call Imp                       Summoning                    2
   d - Repel Missiles                 Charms/Air                   2
   e - Slow                           Hexes                        2
   f - Conjure Flame                  Conjuration/Fire             3
   g - Mephitic Cloud                 Conjuration/Poison/Air       3
Comestibles
 d - 4 bread rations
 f - 4 meat rations
 l - a beef jerky
 t - a chunk of flesh
 x - a slice of pizza


   Skills:
 - Level 2.0 Fighting
 + Level 2.2 Dodging
 - Level 5.0 Unarmed Combat
 - Level 2.0 Spellcasting
 - Level 2.0 Transmutations


You had 2 spell levels left.
You knew the following spells:

 Your Spells              Type           Power        Failure   Level  Hunger
a - Beastly Appendage     Tmut           #.....       24%         1    #......
b - Sticks to Snakes      Tmut           #.......     28%         2    ###....
c - Spider Form           Tmut/Pois      #.........   56%         3    ###....


Dungeon Overview and Level Annotations

Branches:
Dungeon (4/15)
 Temple: D:4-7


Innate Abilities, Weirdness & Mutations

You have an increased reservoir of magic. (+10% MP)


Message History

Confirm with . or Enter, or press ? or * to list all spells.
You miscast Spider Form.
You are very lightly contaminated with residual magic.
Waves of light ripple over your body.
Casting: Spider Form
Confirm with . or Enter, or press ? or * to list all spells.
You turn into a venomous arachnid creature.
Your +0 robe melds into your body.
The ogre closely misses you.
You hit the dart slug.
The dart slug is poisoned.
The dart slug is heavily wounded.
You are feeling hungry.
The ogre misses you.
You kill the dart slug!
You hit the ogre but do no damage.
The ogre is severely wounded.
You hit the ogre.
The ogre looks even sicker.
The ogre is severely wounded.
The ogre hits you with a giant club!!
Ouch! That really hurt!
You die...

#.###[####.....## #.
#.###'####......######.
#....)...'.............
#......###....#.#######
#......##.......#
#....†.##.......##
#......##........# ####
#.....O##........# #...
#.....s#########.###...
#.........(..# #..##...
#.......(....# ##.##...
#.####..)....# #.......
#.####.......# #....###
#.......###### #.#..###
#.......# #####.#.....
#.......####.....#.....
#..........'.....#.....


You could see an ogre.

Vanquished Creatures
  A howler monkey (D:3)
  2 gnolls (D:3)
  9 adders
  6 dart slugs
  3 leopard geckos
  3 orcs (D:3)
  6 bats
  7 hobgoblins
  4 jackals
  2 frilled lizards (D:2)
  8 goblins
  4 kobolds
  8 rats
63 creatures vanquished.

Notes
Turn   | Place    | Note
-------+----------+-------------------------------------------
     0 | D:1      | roflturtle the Demigod Transmuter began the quest for the Orb.
     0 | D:1      | Reached XP level 1. HP: 15/15 MP: 5/5
   127 | D:1      | Reached skill level 1 in Fighting
   505 | D:1      | Reached XP level 2. HP: 24/24 MP: 5/7
   680 | D:2      | Reached skill level 3 in Unarmed Combat
  1017 | D:2      | Reached XP level 3. HP: 9/29 MP: 6/8
  1640 | D:2      | Learned a level 2 spell: Sticks to Snakes
  1644 | D:2      | Learned a level 3 spell: Spider Form
  1948 | D:3      | Reached XP level 4. HP: 36/36 MP: 5/9
  2124 | D:3      | Reached skill level 4 in Unarmed Combat
  2819 | D:4      | Noticed an ogre
  2819 | D:4      | Noticed an ogre
  2832 | D:3      | Reached skill level 5 in Unarmed Combat
  2832 | D:3      | Reached XP level 5. HP: 3/41 MP: 4/10
  3252 | D:3      | Demolished by an ogre

Vault maps used:
D:1:      minmay_arrival_up_and_down
D:2:      first_bread
D:4:      roderic_digamma_sauvastika, uniq_pikel, uniq_edmund, uniq_natasha,
          uniq_eustachio, uniq_duvessa

Skill      XL: |  1  2  3  4 |
---------------+-------------+-----
Dodging        | 2 |  2.2
Fighting       | 1 2 |  2.0
Unarmed Combat | 3 5 |  5.0
Transmutations | 2 |  2.0
Spellcasting   | 2 |  2.0

Action                   |  1- 3 |  4- 6 || total
-------------------------+-------+-------++-------
Melee: Unarmed           |   129 |    68 ||   197
       Kick              |    19 |     7 ||    26
       Headbutt          |     3 |       ||     3
       Punch             |     1 |       ||     1
Throw: Tomahawk          |     7 |       ||     7
 Cast: Beastly Appendage |    25 |     6 ||    31
       Spider Form       |     1 |     7 ||     8
 Stab: Sleeping          |     1 |       ||     1
  Eat: Chunk             |     4 |     5 ||     9
Armor: Robe              |    20 |     5 ||    25
       Skin              |       |     1 ||     1
Dodge: Dodged            |    92 |    59 ||   151
